 Dungeon Crawl Stone Soup version 0.30-a0-371-gad7725a93e (webtiles) character file.

Game seed: 10381069129199210470

2272 porpoise the Basher (level 9, -6/60 HPs)
             Began as a Gargoyle Brigand on Nov 23, 2022.
             Was a Priest of Okawaru.
             Mangled by an orc knight
             ... wielding a +0 battleaxe
              (19 damage)
             ... in a bailey.
             The game lasted 00:31:50 (6686 turns).

porpoise the Basher (Gargoyle Brigand)              Turns: 6686, Time: 00:31:51

Health: -6/60      AC: 16    Str: 20    XL:     9   Next: 38%
Magic:  8/9        EV: 11    Int: 11    God:    Okawaru [***...]
Gold:   333        SH:  0    Dex: 11    Spells: 8/8 levels left

rFire   + . .      SeeInvis .    a - +0 flail
rCold   + . .      Faith    .    (no shield)
rNeg    + . .      Spirit   .    L - +3 leather armour
rPois   ∞          Reflect  .    z - +0 helmet
rElec   +          Harm     .    J - +2 cloak {Stlth+}
rCorr   .          Rampage  .    (no gloves)
Will    .....                    (no boots)
Stlth   +++.......               (no amulet)
HPRegen 0.30/turn                h - ring of protection from cold
MPRegen 0.11/turn                E - ring of protection from fire

@: no status effects
A: sickness immunity, AC +6, negative energy resistance 1, electricity
resistance, torment resistance 1, petrification resistance
a: Renounce Religion, Heroism


You were in a bailey.
You worshipped Okawaru.
Okawaru was most pleased with you.
You visited 1 branch of the dungeon, and saw 7 of its levels.
You also visited: Bailey.

You collected 333 gold pieces.

Inventory:

Hand Weapons
 a - a +0 flail (weapon)
 b - a +0 sling
 i - a +2 dagger
 o - a +1 short sword of electrocution
 u - a +0 dagger of draining
 A - a +2 dagger of holy wrath
Missiles
 d - 6 poisoned darts (quivered)
 e - 5 curare-tipped darts
 r - 6 atropa-tipped darts
 C - 5 boomerangs
Armour
 z - a +0 helmet (worn)
 J - a +2 cloak of stealth (worn)
 L - a +3 leather armour (worn)
Magical Staves
 G - a staff of conjuration
 K - a staff of poison
Jewellery
 h - a ring of protection from cold (left hand)
 E - a ring of protection from fire (right hand)
Scrolls
 f - 3 scrolls of teleportation
 k - 2 scrolls of fog
 m - a scroll of poison {unknown}
 q - 2 scrolls of immolation
 s - 3 scrolls of blinking
 x - a scroll of magic mapping
 y - a scroll of noise
 H - a scroll of silence {unknown}
 I - a scroll of enchant weapon {unknown}
Potions
 g - a potion of brilliance
 l - 7 potions of curing
 n - a potion of flight
 p - a potion of mutation
 t - a potion of ambrosia
 v - a potion of berserk rage
 w - 3 potions of attraction
 D - a potion of haste
 F - a potion of might {unknown}


   Skills:
 + Level 8.7 Fighting
 - Level 1.7 Short Blades
 * Level 9.4 Maces & Flails
 - Level 1.7 Throwing
 - Level 0.7 Dodging
 - Level 4.3 Stealth


You had 8 spell levels left.
You didn't know any spells.
Your spell library contained the following spells:

 Spells                   Type           Power      Damage    Failure   Level
 Scorch                   Fire           0%         2d5       54%         2
 Ozocubu's Armour         Ice            0%         N/A       77%         3
 Flame Wave               Conj/Fire      0%         2d4       99%         4
 Metabolic Englaciation   Hex/Ice        0%         N/A       100%        5
 Simulacrum               Ice/Necr       Unusable   N/A       N/A         6
 Summon Cactus Giant      Summ           Unusable   N/A       N/A         6

Dungeon Overview and Level Annotations

Branches:
Dungeon (7/15)             Temple (0/1) D:4          Bailey (1/1)

Altars:
Gozag
Okawaru

Annotations:
D:3 1 runed translucent door, AigisTheKnight's ghost, amateur TeFE
D:5 3 runed translucent doors, flotson's ghost, weakling DsDe


Innate Abilities, Weirdness & Mutations

You are immune to sickness and miasma.
Your stone body is resilient. (AC +6)
You are immune to poison.
You resist negative energy. (rN+)
You are resistant to electric shocks. (rElec)
You are resistant to unholy torment.
You are immune to petrification.


Message History

You kill the gnoll!
Okawaru accepts your kill. The goblin barely misses you.
The orc knight barely misses you.
You closely miss the orc knight.
The orc knight is heavily wounded.
The goblin hits you but does no damage. The orc closely misses you.
You closely miss the orc.
The orc knight hits you with a +0 battleaxe.
You sock the orc!
You kill the orc!
Okawaru accepts your kill.
You feel like a meek peon again. The goblin hits you with a +0 hand axe.
You hit the orc knight but do no damage.
Your punch misses the orc knight.
The orc knight is heavily wounded.
The orc knight is no longer moving slowly.
The goblin closely misses you.
The orc knight hits you with a +0 battleaxe!!
You hit the orc knight but do no damage.
The orc knight is heavily wounded.
The goblin hits you but does no damage.
The orc knight hits you with a +0 battleaxe.
You hit the orc knight.
The orc knight is heavily wounded.
The goblin closely misses you. The orc knight barely misses you.
You sock the orc knight!
The orc knight is severely wounded.
The goblin hits you but does no damage. The orc knight closely misses you.
You hit the orc knight.
The orc knight is severely wounded.
The goblin barely misses you.
The orc knight hits you with a +0 battleaxe!
* * * LOW HITPOINT WARNING * * *
You hit the orc knight but do no damage.
The orc knight is severely wounded.
The goblin hits you with a +0 hand axe.
* * * LOW HITPOINT WARNING * * *
The orc knight hits you with a +0 battleaxe!!
You die...

..# ........ .##
......# .# ..... ##
.(. # ####(## ##
##....)## .# #....(..#
.## ##...)og.## ..#
#.....@...# ..##
##.........##
...#######.....⌠.....#
..##.....##.........##
..#.......#.........#
[##.......##)......##
)'.........')......#
##.........##.....##
#.....⌠.....#######


You could see an orc knight (very poisoned) and a goblin.

Vanquished Creatures
  A wyvern (D:7)
  A water moccasin (D:6)
  3 orc warriors (Bailey)
  2 ice beasts (D:6)
  A black bear (D:5)
  4 ogres
  2 phantoms
  A bullfrog (D:6)
  4 hounds (D:5)
  A jelly (D:6)
  Crazy Yiuf (D:6)
  An orc priest (D:5)
  An iguana (D:6)
  Jessica (D:2)
  Natasha (twice) (D:2)
  Terence (D:2)
  5 orc wizards
  Robin (D:3)
  8 gnolls
  2 adders
  2 shadow imps
  2 white imps
  A dart slug (D:4)
  25 orcs
  5 bats
  7 endoplasms
  3 giant cockroaches (D:1)
  23 goblins
  9 hobgoblins
  4 quokkas
  5 ball pythons
  2 kobolds
  2 rats
133 creatures vanquished.

Vanquished Creatures (collateral kills)
  2 orc warriors (Bailey)
  2 gnolls (Bailey)
  2 orcs
  2 goblins (D:7)
  A hobgoblin (Bailey)
9 creatures vanquished.

Vanquished Creatures (others)
  An orc warrior (Bailey)
  An orc wizard (D:4)
  An orc (D:7)
  11 plants (D:5)
14 creatures vanquished.

Grand Total: 156 creatures vanquished

Notes
Turn   | Place    | Note
-------+----------+-------------------------------------------
     0 | D:1      | porpoise the Gargoyle Brigand began the quest for the Orb.
     0 | D:1      | Reached XP level 1. HP: 12/12 MP: 1/1
   148 | D:1      | Found a faded altar of an unknown god.
   359 | D:1      | Reached XP level 2. HP: 18/19 MP: 2/2
   788 | D:2      | Noticed Terence
   800 | D:2      | Killed Terence
   801 | D:2      | Reached XP level 3. HP: 23/24 MP: 3/3
   884 | D:2      | Noticed Jessica
   902 | D:2      | Killed Jessica
   903 | D:2      | Reached XP level 4. HP: 11/30 MP: 4/4
  1201 | D:2      | Noticed Natasha
  1207 | D:2      | Killed Natasha
  1208 | D:2      | Reached skill level 1 in Maces & Flails
  1422 | D:2      | Found an iron altar of Okawaru.
  1427 | D:2      | Became a worshipper of Warmaster Okawaru
  1696 | D:2      | You fall into a shaft and drop 2 floors!
  1735 | D:3      | Reached skill level 5 in Fighting
  1735 | D:3      | Reached XP level 5. HP: 13/35 MP: 5/5
  1857 | D:3      | Reached skill level 2 in Maces & Flails
  1947 | D:2      | Noticed Natasha
  1963 | D:2      | Killed Natasha
  2424 | D:3      | Noticed Robin
  2457 | D:3      | Killed Robin
  2542 | D:3      | Found a runed translucent door.
  2543 | D:3      | Noticed AigisTheKnight's ghost (amateur TeFE)
  2914 | D:4      | Found a staircase to the Ecumenical Temple.
  3049 | D:4      | Reached skill level 3 in Maces & Flails
  3207 | D:4      | Reached XP level 6. HP: 23/40 MP: 6/6
  3375 | D:4      | Reached * piety under Okawaru
  3376 | D:4      | Reached skill level 4 in Maces & Flails
  3382 | D:4      | Reached XP level 7. HP: 27/46 MP: 7/7
  3650 | D:5      | Entered Level 5 of the Dungeon
  3690 | D:5      | Reached skill level 5 in Maces & Flails
  4021 | D:5      | Found a runed translucent gate.
  4021 | D:5      | Found a runed translucent gate.
  4021 | D:5      | Found an opulent altar of Gozag.
  4021 | D:5      | Found a runed translucent gate.
  4022 | D:5      | Noticed flotson's ghost (weakling DsDe)
  4347 | D:5      | Reached ** piety under Okawaru
  4348 | D:5      | Reached skill level 6 in Maces & Flails
  4639 | D:5      | Reached XP level 8. HP: 30/52 MP: 8/8
  5050 | D:6      | Reached skill level 7 in Maces & Flails
  5157 | D:6      | Found a runed translucent door.
  5158 | D:6      | Noticed Crazy Yiuf
  5353 | D:6      | Killed Crazy Yiuf
  5563 | D:6      | Reached *** piety under Okawaru
  5569 | D:6      | Reached skill level 8 in Maces & Flails
  6023 | D:7      | Noticed a wyvern
  6032 | D:7      | Killed a wyvern
  6033 | D:7      | Reached XP level 9. HP: 32/59 MP: 6/9
  6174 | D:7      | Found a flagged portal.
  6189 | Bailey   | Entered a bailey
  6409 | Bailey   | Reached skill level 9 in Maces & Flails
  6658 | Bailey   | Noticed an orc knight
  6686 | Bailey   | Mangled by an orc knight

Illustrated notes

Levels and vault maps discovered:
D:1:      spicycebolla_arrival_xxxplode, layout_basic,
          hellmonk_ecumenical_altar_run_dry
D:2:      layout_basic, basic_altar, uniq_jessica, uniq_terence, uniq_natasha
D:3:      layout_loops_ring, ebering_ghost_reflecting_pool, minmay_bisected,
          uniq_robin
D:4:      layout_basic, temple_statues, gup_sewer_entry_bowl,
          chequers_serial_rivers_small_3, grunt_decor_mini_mirrors
D:5:      layout_loops_cross, ebering_ghost_gozag, guppyfry_early_lair_pool
D:6:      layout_loops_ring, uniq_crazy_yiuf_cottage
D:7:      layout_cave_pools, enter_bailey_3
Bailey:   bailey_axe_minmay_hex_keep, bailey

Skill      XL: |  1  2  3  4  5  6  7  8  9 |
---------------+----------------------------+-----
Fighting       | 3 4 5 6 8 |  8.7
Maces & Flails | 1 3 4 6 8 9 |  9.4
Short Blades   | |  1.7
Throwing       | |  1.7
Dodging        | |  0.7
Stealth        | |  4.3

Action                   |  1- 3 |  4- 6 |  7- 9 || total
-------------------------+-------+-------+-------++-------
Melee: Dagger            |    46 |   120 |     9 ||   175
       Punch             |     1 |     1 |     2 ||     4
       Flail             |       |    47 |   268 ||   315
       Short sword       |       |    70 |    19 ||    89
 Fire: Sling             |       |     8 |    44 ||    52
Throw: Dart              |    14 |    19 |    22 ||    55
Invok: Heroism           |       |       |     4 ||     4
  Use: Scroll            |       |     8 |     6 ||    14
 Stab: Sleeping          |     3 |     2 |       ||     5
Armor: Robe              |    10 |       |       ||    10
       Ring mail         |     9 |   124 |   198 ||   331
       Leather armour    |       |       |     9 ||     9
Dodge: Dodged            |    22 |    83 |   202 ||   307

Table legend: (Time is in decaauts)
 A = Elapsed time spent in this place.
 B = Non-inter-level travel time spent in this place.
 C = Inter-level travel time spent in this place.
 D = Time resting spent in this place.
 E = Time spent auto-exploring this place.
 F = Levels seen in this place.
 G = Mean time per level.
                   A        B        C        D        E       F      G
               +--------+--------+--------+--------+--------+-----+--------+
         Total |   6682 |   6429 |    253 |   1453 |   3378 |   8 |  835.2 |
       Dungeon |   6191 |   5938 |    253 |   1240 |   3378 |   7 |  884.4 |
        Bailey |    491 |    491 |      0 |    213 |      0 |   1 |  491.0 |
               +--------+--------+--------+--------+--------+-----+--------+

Top non-repeatable levels by time:
     D:6: 1283 daAuts
     D:5: 1212 daAuts
     D:2: 1065 daAuts
     D:3: 1029 daAuts
     D:4: 800 daAuts
     D:1: 770 daAuts
  Bailey: 491 daAuts
     D:7: 29 daAuts
